[Event "Julius Baer Generation Cup Prelims 2022"]
[Site "Online"]
[Date "2022.09.14"]
[Round "11.4"]
[White "Carlsen, Magnus"]
[Black "Duda, Jan-Krzysztof"]
[Result "1-0"]
[ECO "D35"]
[WhiteElo "2861"]
[BlackElo "2731"]
[Annotator "TA"]
[PlyCount "61"]
[EventDate "2022.09.12"]
[EventType "tourn"]
[EventCountry "NET"]
[SourceTitle "playchess.com"]
[Source "ChessBase"]
[SourceQuality "1"]
[TimeControl "900+10"]

1. c4 e6 2. Nc3 d5 3. d4 Nf6 4. cxd5 Nxd5 5. e4 Nxc3 6. bxc3 c5 7. Rb1 {[%emt 0:00:11] BESTDEEP} cxd4 {[%emt 0:00:04] CPLX 2.6 14 (Bf8-e7) (=14). D35: Queen's Gambit Declined: Exchange Variation.} 8. cxd4 {[%emt 0:00:01] RECAPT} Nc6 {[%emt 0:00:01] CPLX 2.6 0 (Bf8-e7) (=7)} 9. Nf3 {[%emt 0:00:12] CPLX 2.3 6 (Bf1-b5) (=2)} Bb4+ {[%emt 0:00:05] EASY. The position is equal.} 10. Bd2 {[%emt 0:00:02] CPLX 2.5} Bxd2+ {[%emt 0:00:00] CPLX 2.7} 11. Qxd2 {[%emt 0:00:01] RECAPT} O-O {[%emt 0:00:01] CPLX 2.2} 12. Bb5 {[%emt 0:01:16] CPLX 2.2} Ne7 {[%emt 0:00:03] CPLX 2.3 8 (Nc6-a5) (=4)} 13. O-O {[%emt 0:00:13] CPLX 2.2} b6 {[%emt 0:00:04] BESTDEEP} 14. a4 {[%emt 0:00:34] CPLX 2.2 7 (Rf1-e1) (=2)} Bb7 {[%emt 0:00:22] [#] CPLX 2.2} 15. Rfe1 $5 $146 {[%emt 0:00:24][%mdl 8] CPLX 2.3 4 (Qd2-e3) (=2) An interesting novelty.} ({Predecessor:} 15. Bd3 Nc6 16. Qe3 Qe7 17. Rfd1 Nb4 18. Bf1 Rac8 19. Ne1 Rc7 20. Rdc1 Rfc8 21. Rxc7 Rxc7 {0-1 (36) Maksimenko,A (2548)-Trent,L (2424) Aarhus 2014}) 15... Qd6 {[%emt 0:01:09] CPLX 2.3 27 (Ra8-c8) (=5)} 16. Ne5 {[%emt 0:01:01] CPLX 2.5 27 (d4-d5) (=4)} (16. d5 $5) 16... Rfd8 {[%emt 0:03:11] aiming for ...Qxe5. BESTDEEP} 17. Rbd1 {[%emt 0:00:04] CPLX 3.0} Rac8 {[%emt 0:00:05] BESTDEEP} 18. h4 {[%emt 0:00:10] BESTDEEP} (18. Qf4 $2 f6 19. Qg4 fxe5 $19) 18... f6 {[%emt 0:03:09] CPLX 3.3 33 (Ne7-c6) (=7)} 19. Nc4 {[%emt 0:00:45] CPLX 3.4} Qc7 {[%emt 0:00:21] White must now prevent ...a6. CPLX 3.2} 20. Rc1 {[%emt 0:01:36][%cal Od4d5] CPLX 2.9 28 (Nc4-a3) (=5)} Qb8 {[%emt 0:00:05] Strongly threatening ...a6. DEEPSTRONG} 21. e5 {[%emt 0:03:31] CPLX 3.0 27 (Rc1-d1) (=7)} a6 $2 {[%emt 0:01:53] Loses the game. RELBLUND 199 (Ne7-f5) (=19)} (21... Nf5 $11 {and Black is okay.} 22. exf6 gxf6) 22. exf6 $18 {[%emt 0:00:02] CPLX 3.3=>BLUNDERREACT} gxf6 {[%emt 0:00:00] CPLX 5.2 48 (Ne7-d5) (=21)} (22... Nd5 $142) 23. Qe2 {[%emt 0:00:16] EASY} Kh8 $2 {[%emt 0:03:21] MISSDEEP-Bb7-d5 164 (Bb7-d5) (=29)} (23... e5 $2 24. Bd7 $1 Kh8 25. Bxc8 (25. Nxb6 Rxc1 26. Rxc1 Bxg2 $17) 25... Rxc8 26. dxe5 $18) (23... Bd5) 24. Qxe6 {[%emt 0:00:04] The board is on fire. EASY} Nd5 {[%emt 0:00:03] MISSDEEP-Qb8-f4 153 (Qb8-f4) (=36)} (24... Qf4 $142) 25. Bd7 {[%emt 0:01:44] Threatens to win with Nd6. EASY} Rc7 {[%emt 0:00:02] [#] EVAL 252 (Rd8-g8) (=47)} (25... Rg8 $142 26. Bxc8 Qxc8 27. Qxc8 Bxc8) 26. Ne5 $1 {[%emt 0:00:51][%cal Bc4e5,Be5f7,Bf7d6][%mdl 544] White threatens Nf7+ and mate. EVAL} Rxc1 {[%emt 0:00:50] EVAL 195 (Rc7xd7) (=55)} (26... Rcxd7 27. Nxd7) 27. Nf7+ {[%emt 0:00:03] EVAL} Kg7 {[%emt 0:00:03] EVAL} 28. Rxc1 {[%emt 0:00:01] Qg4+ is the strong threat. EVAL} Qf4 {[%emt 0:01:01] EVAL} 29. Re1 {[%emt 0:00:17] EVAL 0 (Rc1-c4) (=4)} (29. Nxd8 $2 {is the wrong capture.} Qxc1+ 30. Kh2 Qc7+ 31. Kg1 Qc1+ 32. Kh2 Qc7+ 33. Kg1 Qxd8 $19) 29... Rg8 {[%emt 0:00:14] EVAL} 30. Nd6 {[%emt 0:00:15] White wants to mate with Qf7+. CPLX 5.0} Ba8 {[%emt 0:01:27] RELBLUND 400 (Kg7-h8) (=62)} 31. Re4 {[%emt 0:01:43] Weighted Error Value: White=0.06 (flawless) /Black=0.66} (31. Qf7+ $142 Kh6 32. Nf5+ Qxf5 33. Bxf5 Rg7 34. Qf8 Bb7 35. Re6 Bc6 36. Rxc6) 1-0

[Event "Julius Baer Generation Cup Prelims 2022"]
[Site "Online"]
[Date "2022.09.14"]
[Round "11.5"]
[White "Adhiban, B.."]
[Black "Ivanchuk, Vasyl"]
[Result "1/2-1/2"]
[ECO "A30"]
[WhiteElo "2603"]
[BlackElo "2678"]
[Annotator "TA"]
[PlyCount "60"]
[EventDate "2022.09.12"]
[EventType "tourn"]
[EventCountry "NET"]
[SourceTitle "playchess.com"]
[Source "ChessBase"]
[SourceQuality "1"]
[TimeControl "900+10"]

1. c4 Nf6 2. Nf3 b6 3. g3 c5 4. Bg2 Bb7 5. b3 g6 6. Bb2 Bg7 7. d4 cxd4 8. Qxd4 d6 9. Nc3 Nbd7 10. O-O O-O 11. Rfd1 $1 {[%emt 0:00:07][%cal Bf1d1,Bd1d4,Bd4h4][%mdl 32] DEEPSTRONG} Ne4 {[%emt 0:00:48] A30: Symmetrical English: Double Fianchetto and Hedgehog.} 12. Qe3 {[%emt 0:00:03] CPLX 3.5} Nxc3 {[%emt 0:00:02] BESTDEEP} 13. Bxc3 {[%emt 0:00:00] RECAPT} Bxc3 {[%emt 0:00:01] RECAPT 1 (Nd7-f6) (=0). White has an edge.} 14. Qxc3 {[%emt 0:00:00] RECAPT} Qc7 {[%emt 0:00:07] CPLX 2.7 14 (Ra8-c8) (=4)} 15. Qe3 {[%emt 0:00:36] CPLX 2.6 11 (Nf3-d4) (=2)} Nf6 {[%emt 0:00:03] CPLX 2.1} 16. Rd4 {[%emt 0:00:15] CPLX 2.0 11 (Ra1-c1) (=4)} Kg7 {[%emt 0:02:57] CPLX 2.2 0 (e7-e5) (=3)} 17. Rad1 {[%emt 0:00:08] CPLX 2.5} Rad8 {[%emt 0:00:18] BESTDEEP} 18. Rh4 {[%emt 0:00:53] CPLX 2.6 19 (Qe3-d2) (=5)} h5 {[%emt 0:00:02] [#] CPLX 3.5. The position is equal.} 19. Nd4 $146 {[%emt 0:00:59][%cal Od4f5] [#] Intending Nf5+! and mate. BESTDEEP} ({Predecessor:} 19. Rhd4 Rfe8 20. Ne1 e5 21. R4d2 Bxg2 22. Nxg2 Qc6 23. Qf3 Qc5 24. h3 Re6 25. Kh2 {1-0 (36) Roeder,M (2395)-Cocconcelli,L (2100) Cesenatico 2015}) 19... Bxg2 {[%emt 0:00:03] BESTDEEP} 20. Nf5+ {[%emt 0:00:44] MISS-Kg1xg2 10 (Kg1xg2) (=5)} gxf5 {[%emt 0:00:09] EASY} 21. Qg5+ {[%emt 0:00:02] CPLX 4.4} Kh7 $1 {[%emt 0:00:02] ...Rg8 is the strong threat. DEEPSTRONG} 22. Rxh5+ {[%emt 0:01:01] DEEPSTRONG} Nxh5 {[%emt 0:00:02] LEGAL} 23. Qxh5+ {[%emt 0:00:00] RECAPT} Kg7 {[%emt 0:00:11] CPLX 4.1 0 (Kh7-g8) (=1)} 24. Qg5+ {[%emt 0:00:01] CPLX 4.9} Kh8 {[%emt 0:00:02] EASY} 25. Rd4 {[%emt 0:00:25][%cal Rd4h4] [#] BESTDEEP} Be4 {[%emt 0:00:13] EASY} 26. Rxe4 {[%emt 0:00:19] The board is on fire. BESTDEEP} fxe4 {[%emt 0:00:03] RECAPT} 27. Qh5+ {[%emt 0:00:01] CPLX 3.4 0 (Qg5-h4) (=3)} Kg8 {[%emt 0:00:04] CPLX 2.9 0 (Kh8-g7) (=1)} 28. Qg5+ {[%emt 0:00:01] CPLX 3.3} Kh8 {[%emt 0:00:01] And now ...Qc5 would win. CPLX 2.8 0 (Kg8-h7) (=1)} 29. Qh5+ {[%emt 0:00:01] CPLX 3.4 0 (Qg5-h6) (=3)} Kg8 {[%emt 0:00:01] Threatens to win with ...Qc5. CPLX 2.9 0 (Kh8-g7) (=1)} 30. Qg5+ {[%emt 0:00:00] CPLX 3.3} Kh8 {[%emt 0:00:01] A balanced but interesting game.  Weighted Error Value: White=0.02 (flawless) /Black=0.01 (flawless)} 1/2-1/2

[Event "Julius Baer Generation Cup Prelims 2022"]
[Site "Online"]
[Date "2022.09.14"]
[Round "11.6"]
[White "Le, Quang Liem"]
[Black "Saric, Ivan"]
[Result "1/2-1/2"]
[ECO "E70"]
[WhiteElo "2728"]
[BlackElo "2668"]
[Annotator "TA"]
[PlyCount "129"]
[EventDate "2022.09.12"]
[EventType "tourn"]
[EventCountry "NET"]
[SourceTitle "playchess.com"]
[Source "ChessBase"]
[SourceQuality "1"]
[TimeControl "900+10"]

1. d4 Nf6 2. c4 g6 3. Nc3 Bg7 4. e4 d6 5. Nge2 O-O 6. Ng3 e5 7. d5 a5 {[%emt 0:00:00] BESTDEEP} 8. h4 {[%emt 0:00:14] CPLX 2.0 17 (Bf1-d3) (=17). E70: King's Indian: Miscellaneous lines with 4 e4, including 5 Nge2 and 5 Bd3 0-0 6 Nge2.} h5 {[%emt 0:00:01] BESTDEEP} 9. Bg5 {[%emt 0:00:01] CPLX 2.0} Qe8 10. Be2 {[%emt 0:00:03] CPLX 2.0 0 (Qd1-d2) (=6)} Na6 {[%emt 0:00:22] CPLX 2.0} 11. Qd2 {[%emt 0:00:45] BESTDEEP} Nc5 {[%emt 0:00:10] CPLX 2.0 15 (Bc8-d7) (=3)} 12. f3 {[%emt 0:00:07] CPLX 2.2} a4 {[%emt 0:00:47] CPLX 2.1 8 (Bc8-d7) (=4)} 13. O-O-O {[%emt 0:00:19] BESTDEEP} Bd7 {[%emt 0:00:35] CPLX 2.3 0 (Nf6-h7) (=3)} 14. Kb1 {[%emt 0:00:04] CPLX 2.4 10 (Bg5-e3) (=4)} a3 {[%emt 0:00:11] CPLX 2.4 12 (Nf6-h7) (=4)} 15. b3 {[%emt 0:00:07] BESTDEEP} Nh7 {[%emt 0:00:05] CPLX 2.6} 16. Be3 {[%emt 0:00:03] CPLX 2.7 0 (Bg5-h6) (=3)} (16. Bh6 {seems wilder.} Bxh6 17. Qxh6 Qe7 18. Nf1) 16... f5 {[%emt 0:00:08] CPLX 2.5 6 (b7-b6) (=4)} 17. Bxc5 {[%emt 0:00:13] BESTDEEP} dxc5 {[%emt 0:00:02] RECAPT} 18. d6 {[%emt 0:00:00] [#] CPLX 2.5} c6 $146 {[%emt 0:00:18] CPLX 3.1} ({Predecessor:} 18... cxd6 19. Qxd6 Nf6 20. Qxc5 f4 21. Nf1 Rf7 22. Qf2 Bf8 23. Bd3 Be6 24. Nd2 Nd7 {½-½ (48) Rawlings,A (2357)-Caruso,A (2365) ICCF email 2016}) 19. Na4 $1 {[%emt 0:00:08] DEEPSTRONG} Rxa4 {[%emt 0:00:39] BESTDEEP} 20. bxa4 {[%emt 0:00:00] RECAPT} f4 {[%emt 0:00:53] CPLX 3.6} 21. Nf1 {[%emt 0:00:03][%cal Bg3f1,Bf1d2,Bd2b3][%mdl 32] EASY} Qa8 {[%emt 0:00:01] Against Qa5. BESTDEEP} 22. a5 {[%emt 0:00:43] CPLX 3.4} Rb8 {[%emt 0:01:57] CPLX 3.4 0 (Rf8-d8) (=3)} 23. Qc3 {[%emt 0:00:56] CPLX 3.4} Nf8 {[%emt 0:00:20][%cal Bh7f8,Bf8e6,Be6d4][%mdl 32] BESTDEEP} 24. Ka1 {[%emt 0:01:55] CPLX 3.4 40 (Qc3xa3) (=4)} Ne6 {[%emt 0:00:04] CPLX 3.4} 25. Qxa3 {[%emt 0:01:59] CPLX 3.5 7 (Rh1-g1) (=4)} b5 {[%emt 0:01:10] BESTDEEP} 26. Nd2 {[%emt 0:01:12] BESTDEEP} Nd4 {[%emt 0:02:46] CPLX 3.4} 27. Bd3 {[%emt 0:00:03] Inhibits Nc2+. EASY} (27. Qxc5 $2 Qxa5 28. cxb5 Be6 $19) 27... b4 {[%emt 0:00:54] CPLX 3.7 42 (Bd7-e6) (=4)} 28. Qa4 {[%emt 0:00:11] EASY} Rb7 {[%emt 0:00:03] MISS-Bg7-f8 9 (Bg7-f8) (=4)} 29. Nb3 {[%emt 0:00:23] CPLX 3.6} Ra7 $1 {[%emt 0:00:58] CPLX 3.8} 30. Rd2 {[%emt 0:00:07] BESTDEEP} (30. Nxc5 Rxa5 31. Qxb4 Rxc5 $1 $19) 30... Bf8 {[%emt 0:01:40] CPLX 3.9 47 (Kg8-h8) (=6)} (30... Kh8 $14 {is more appropriate.}) 31. Nxd4 $16 {[%emt 0:02:48] CPLX 3.9} (31. Nxc5 $2 Rxa5 32. Qxb4 Bxd6 $19) 31... Rxa5 {[%emt 0:00:03] CPLX 3.5} 32. Qc2 {[%emt 0:00:01] Nb3 is the strong threat. BESTDEEP} ({But not} 32. Qb3 Ra3 $11) 32... cxd4 {[%emt 0:00:16] CPLX 3.5} 33. c5 {[%emt 0:00:03] And now Qc4+ would win. EASY} Kg7 {[%emt 0:01:10] [#] CPLX 4.7} 34. Rb1 $1 {[%emt 0:02:06] CPLX 3.6} Qa7 {[%emt 0:01:07] MISSDEEP-Kg7-f6 50 (Kg7-f6) (=7)} (34... Kf6 $142) 35. Rxb4 {[%emt 0:00:12] CPLX 3.7 56 (Qc2-c4) (=5)} (35. Qc4 $142) 35... Rxc5 {[%emt 0:00:01] [#] MISSDEEP-Kg7-f6 181 (Kg7-f6) (=13)} (35... Kf6 $16) 36. Rb7 $2 {[%emt 0:03:21] CPLX 4.0 256 (Qc2-b2) (=13)} Rxc2 $11 {[%emt 0:00:22][%csl Gc2][%cal Ra7a2] EASY} 37. Rxa7 {[%emt 0:00:01] Really sharp! Active counter play! EASY} Rxd2 {[%emt 0:00:00] EASY} 38. Rxd7+ {[%emt 0:00:00][%cal Ba7d7,Bd7d8,Bd8d6][%mdl 4128] Endgame KRB-KRB. EASY} Kh6 $1 {[%emt 0:01:19] DEEPSTRONG} 39. Bc4 {[%emt 0:00:02] CPLX 2.8} g5 $2 {[%emt 0:01:36][%mdl 8192] RELBLUND 281 (Rd2xg2) (=20)} (39... Rxg2 $11 40. Rd8 Kg7) 40. Rd8 $18 {[%emt 0:00:16] CPLX 2.8} Bxd6 {[%emt 0:00:56] CPLX 2.9 347 (Kh6-g7) (=29)} (40... Kg7 41. d7 (41. hxg5 Rxg2 42. Bb3 Rxg5 $11) 41... Ba3 42. Rg8+ Kh7) 41. Rxd6+ {[%emt 0:00:00] KRB-KR. RECAPT} Kg7 {[%emt 0:00:01] CPLX 2.6} 42. Rd7+ {[%emt 0:01:19] DEEPSTRONG} Kh6 {[%emt 0:00:16] CPLX 2.5 0 (Kg7-g6) (=28)} 43. hxg5+ {[%emt 0:00:56] BESTDEEP} Kxg5 {[%emt 0:00:00] RECAPT} 44. a4 {[%emt 0:00:17] CPLX 2.6} Rc2 {[%emt 0:00:04] CPLX 2.6} 45. Bb3 {[%emt 0:00:09] CPLX 2.8} Rc5 {[%emt 0:00:03] BESTDEEP} 46. Kb2 {[%emt 0:00:08] CPLX 2.3} Kh4 {[%emt 0:00:02] CPLX 2.4 0 (Rc5-a5) (=25)} 47. Rg7 {[%emt 0:00:27] BESTDEEP} d3 {[%emt 0:00:54] CPLX 2.3 65 (Rc5-a5) (=26)} 48. Rd7 Kg3 49. Rxd3 Kxg2 50. Rc3 $2 (50. Ka3 $18) 50... Ra5 $1 $11 {[%emt 0:00:01] The position is equal.} 51. Rxc6 {[%emt 0:00:21] Threatens to win with Rh6.} h4 $1 52. Rg6+ Kxf3 53. Bd1+ Kxe4 54. Rh6 Ke3 55. Rxh4 e4 56. Kc3 f3 {[%emt 0:00:11] aiming for ...Rc5+.} 57. Rh3 Rc5+ 58. Kb4 Rc1 59. Bxf3 exf3 {[%emt 0:00:01] KR-KR} 60. a5 Ke2 61. a6 Ra1 (61... f2 $5 62. Rh2 $8 Rb1+ 63. Ka5 Rg1 $11) 62. Kb5 f2 63. Rh2 Rxa6 64. Rxf2+ Kxf2 65. Kxa6 {[%emt 0:00:00] Black defended with fortune.  Weighted Error Value: White=0.14 (very precise) /Black=0.29 (precise)} 1/2-1/2

[Event "Julius Baer Generation Cup Prelims 2022"]
[Site "Online"]
[Date "2022.09.14"]
[Round "11.7"]
[White "Navara, David"]
[Black "Praggnanandhaa R"]
[Result "1/2-1/2"]
[ECO "B40"]
[WhiteElo "2681"]
[BlackElo "2676"]
[Annotator "TA"]
[PlyCount "70"]
[EventDate "2022.09.12"]
[EventType "tourn"]
[EventCountry "NET"]
[SourceTitle "playchess.com"]
[Source "ChessBase"]
[SourceQuality "1"]
[TimeControl "900+10"]

1. e4 c5 2. Nf3 e6 3. b3 Nc6 4. Bb2 a6 5. c4 Qc7 {[%emt 0:00:03] CPLX 2.0 9 (Ng8-f6) (=9)} 6. g3 {[%emt 0:00:34] CPLX 2.0 7 (Nb1-c3) (=7). B40: Sicilian: 2...e6, Unusual lines.} Nf6 {[%emt 0:00:20] CPLX 2.0 8 (e6-e5) (=9)} 7. Nc3 {[%emt 0:00:03] CPLX 2.2} Nd4 {[%emt 0:00:14] CPLX 2.1} 8. Bg2 {[%emt 0:00:07] CPLX 2.5} d6 {[%emt 0:00:02] CPLX 2.5} 9. O-O {[%emt 0:01:38] CPLX 2.4} Be7 {[%emt 0:00:03] [#] CPLX 2.4} 10. Ne2 $146 {[%emt 0:01:20] CPLX 2.4 15 (d2-d3) (=4)} ({Predecessor:} 10. Nxd4 cxd4 11. Ne2 e5 12. Nc1 O-O 13. Nd3 b5 14. cxb5 axb5 15. f4 Bg4 16. Qb1 {1-0 (43) Onischuk,V (2594)-Vitiugov,N (2742) Dubai 2014}) 10... e5 {[%emt 0:03:22] CPLX 2.6} 11. Nh4 {[%emt 0:00:45] BESTDEEP} O-O {[%emt 0:00:23] BESTDEEP} 12. Nxd4 {[%emt 0:00:27] CPLX 2.6} cxd4 {[%emt 0:00:21] RECAPT} 13. Nf5 {[%emt 0:01:15] CPLX 2.2} Rb8 {[%emt 0:01:04] CPLX 2.8 25 (Rf8-e8) (=5)} 14. Nxe7+ {[%emt 0:01:03] CPLX 2.8 25 (d2-d3) (=5)} Qxe7 {[%emt 0:00:03] RECAPT} 15. d3 {[%emt 0:00:00] CPLX 2.1 0 (Bb2-a3) (=5)} b5 {[%emt 0:00:29] CPLX 2.1} 16. Qd2 {[%emt 0:00:03] CPLX 2.3 0 (Bb2-a3) (=4)} bxc4 {[%emt 0:01:05] CPLX 2.2 8 (Nf6-d7) (=4)} 17. bxc4 {[%emt 0:00:00] RECAPT} Qc7 {[%emt 0:00:43] CPLX 2.3 25 (Nf6-d7) (=6)} 18. Ba3 {[%emt 0:00:20] BESTDEEP} Nd7 {[%emt 0:01:15] CPLX 2.3 0 (Rf8-e8) (=5)} 19. Bh3 {[%emt 0:01:40] CPLX 2.2 25 (Rf1-b1) (=5)} Nc5 {[%emt 0:00:16] CPLX 2.5. The position is equal.} 20. Bxc8 {[%emt 0:00:02] CPLX 2.9} Rfxc8 {[%emt 0:00:46] RECAPT} 21. Bxc5 {[%emt 0:01:12] BESTDEEP} dxc5 {[%emt 0:01:21] RECAPT} 22. Rfb1 {[%emt 0:00:08] CPLX 2.0 0 (f2-f4) (=4)} Rxb1+ {[%emt 0:00:20] CPLX 2.1 0 (g7-g6) (=4)} 23. Rxb1 {[%emt 0:00:00] RECAPT} Rb8 {[%emt 0:00:01] Inhibits Qb2. CPLX 2.0} 24. Rxb8+ {[%emt 0:01:05] CPLX 2.1} Qxb8 $11 {[%emt 0:00:00][%mdl 4096] Endgame KQ-KQ. RECAPT} 25. Kg2 {[%emt 0:00:38] CPLX 2.0 0 (h2-h4) (=4)} h6 {[%emt 0:00:34] CPLX 2.0} 26. Qa5 {[%emt 0:00:08] CPLX 2.0 0 (Kg2-f3) (=3)} Qd6 {[%emt 0:00:09] CPLX 2.0} 27. Qa4 {[%emt 0:00:03] Hoping for Qe8+. CPLX 2.0 0 (h2-h4) (=3)} Kf8 {[%emt 0:00:16] Prevents Qe8+. CPLX 2.0} 28. Qb3 {[%emt 0:00:06] CPLX 2.0} Qc7 {[%emt 0:00:06] Prevents Qb7. CPLX 2.0} 29. Qa4 {[%emt 0:00:51] CPLX 2.0 0 (h2-h4) (=3)} Qd6 {[%emt 0:00:18] CPLX 2.0} 30. Qb3 {[%emt 0:00:04] CPLX 2.0 0 (Qa4-d1) (=3)} Qc7 {[%emt 0:00:03] Prevents Qb7. CPLX 2.0} 31. h4 {[%emt 0:00:04] CPLX 2.0 0 (Qb3-d1) (=3)} h5 {[%emt 0:00:31] BESTDEEP} 32. Qa4 {[%emt 0:00:12] CPLX 2.0 0 (Kg2-f1) (=3)} Qd6 {[%emt 0:00:03] CPLX 2.0} 33. Qb3 {[%emt 0:00:01] CPLX 2.0} Qc7 {[%emt 0:00:02] Inhibits Qb7. CPLX 2.0} 34. Qa4 {[%emt 0:00:01] CPLX 2.0} Qd6 {[%emt 0:00:00] CPLX 2.0} 35. Qb3 {[%emt 0:00:01] CPLX 2.0 0 (Qa4-d1) (=2)} Qc7 $1 {[%emt 0:00:01] Against Qb7. Not much happened in this game.  Weighted Error Value: White=0.03 (flawless) /Black=0.03 (flawless)} 1/2-1/2

[Event "Julius Baer Generation Cup Prelims 2022"]
[Site "Online"]
[Date "2022.09.14"]
[Round "11.8"]
[White "Niemann, Hans Moke"]
[Black "Aronian, Levon"]
[Result "1-0"]
[ECO "B90"]
[WhiteElo "2688"]
[BlackElo "2759"]
[Annotator "TA"]
[PlyCount "41"]
[EventDate "2022.09.12"]
[EventType "tourn"]
[EventCountry "NET"]
[SourceTitle "playchess.com"]
[Source "ChessBase"]
[SourceQuality "1"]
[TimeControl "900+10"]

1. e4 c5 2. Nf3 d6 3. d4 cxd4 4. Nxd4 Nf6 5. Nc3 a6 6. Bd3 g6 {[%emt 0:00:08] CPLX 2.1 18 (e7-e5) (=18)} 7. f3 {[%emt 0:00:03] CPLX 2.1. B90: Sicilian Najdorf: Unusual White 6th moves, 6 Be3 Ng4 and 6 Be3 e5.} Bg7 {[%emt 0:00:03] CPLX 2.1} 8. Be2 $5 {[%emt 0:00:39][%mdl 4] CPLX 2.1 13 (Bc1-e3) (=7) Exploring less charted territory.} Nbd7 {[%emt 0:00:25] CPLX 2.1 20 (0-0) (=13)} 9. O-O {[%emt 0:00:25] [#] CPLX 2.1 20 (Bc1-e3) (=11). The position is equal.} b6 $146 {[%emt 0:00:39] BESTDEEP} ({Predecessor:} 9... b5 10. Be3 Bb7 11. a3 O-O 12. Qd2 Rc8 13. Bh6 Qb6 14. Bxg7 Kxg7 15. Kh1 h6 {½-½ (81) Mikhalsky,V (2269)-Bachmann,A (2588) Chess.com INT 2022}) 10. Be3 {[%emt 0:00:28] BESTDEEP} Bb7 {[%emt 0:00:02] CPLX 2.1} 11. Qd2 {[%emt 0:00:05] CPLX 2.2} Qc7 {[%emt 0:00:18] CPLX 2.3} 12. g4 {[%emt 0:00:30][%cal Bg2g4,Bg4g5][%mdl 32] CPLX 2.4 14 (a2-a4) (=8)} Ne5 {[%emt 0:01:30] CPLX 2.5 14 (0-0) (=7)} 13. g5 {[%emt 0:01:11] CPLX 2.7} Nfd7 {[%emt 0:00:02] CPLX 3.0} 14. b3 $36 {[%emt 0:00:11][%mdl 2048] White fights for an advantage. BESTDEEP} e6 {[%emt 0:00:12] RELBLUND 123 (Ra8-c8) (=19)} (14... Rc8 $11 {remains equal.} 15. Nd5 Qd8) 15. f4 $16 {[%emt 0:00:32] [#] aiming for Ncb5. EASY} Rc8 $2 {[%emt 0:00:05][%mdl 8192] This move loses the game for Black. RELBLUND 400 (0-0) (=58)} (15... O-O $16) 16. Ndb5 $18 {[%emt 0:00:06] BESTDEEP} ({And not} 16. fxe5 Qxc3 17. Qxc3 Rxc3 $19) 16... axb5 {[%emt 0:00:08] EASY} 17. Nxb5 {[%emt 0:00:00][%cal Bc3b5,Bb5d6,Bd6f5][%mdl 32] RECAPT} Qxc2 {[%emt 0:00:01] BESTDEEP} 18. Nxd6+ {[%emt 0:00:05] EASY} Ke7 {[%emt 0:00:01] EVAL 303 (Ke8-f8) (=68)} 19. fxe5 {[%emt 0:00:35] EVAL} Nxe5 {[%emt 0:00:52] BEVAL 400 (Qc2xd2) (=91)} 20. Qb4 {[%emt 0:00:37] [#] Threatening mate with Nf5+. BEVAL} Qxe2 {[%emt 0:00:20] RELBLUND 400 (Rc8-c5) (=112)} 21. Nf5+ {[%emt 0:00:05][%mdl 64] Discovered Attack (Double check), Double Attack.  Weighted Error Value: White=0.04 (flawless) /Black=1.12} 1-0

[Event "Julius Baer Generation Cup Prelims 2022"]
[Site "Online"]
[Date "2022.09.14"]
[Round "12.1"]
[White "Giri, Anish"]
[Black "Aronian, Levon"]
[Result "0-1"]
[ECO "A13"]
[WhiteElo "2764"]
[BlackElo "2759"]
[Annotator "TA"]
[PlyCount "66"]
[EventDate "2022.09.12"]
[EventType "tourn"]
[EventCountry "NET"]
[SourceTitle "playchess.com"]
[Source "ChessBase"]
[SourceQuality "1"]
[TimeControl "900+10"]

1. c4 Nf6 2. Nf3 e6 3. g3 d5 4. Bg2 d4 5. d3 Bb4+ {[%emt 0:00:23] CPLX 2.0 6 (Bf8-e7) (=6)} 6. Nbd2 {[%emt 0:00:02] With the idea Qa4+. CPLX 2.2 21 (Bc1-d2) (=21). A13: English Opening: 1...e6.} a5 {[%emt 0:00:10] [#] BESTDEEP} 7. Ne5 $146 {[%emt 0:00:03] Prevents Nc6. BESTDEEP} ({Predecessor:} 7. O-O O-O 8. Ne4 Nxe4 9. dxe4 Nc6 10. e5 a4 11. Qc2 f6 12. exf6 gxf6 13. Bh6 {½-½ (58) Aronian,L (2781)-Salem,A (2682) chess24.com INT 2021}) 7... Nbd7 {[%emt 0:00:19] CPLX 2.9 23 (0-0) (=10)} 8. Nxd7 {[%emt 0:00:10] CPLX 2.9. White has an edge.} Nxd7 {[%emt 0:00:06] RECAPT} 9. O-O {[%emt 0:00:14] BESTDEEP} O-O {[%emt 0:00:02] CPLX 2.0} 10. Nf3 {[%emt 0:00:03] CPLX 2.0} e5 {[%emt 0:00:02] CPLX 2.0} 11. e3 {[%emt 0:00:01] CPLX 2.0} dxe3 {[%emt 0:00:19] CPLX 2.3 33 (Qd8-f6) (=9)} 12. Bxe3 {[%emt 0:00:00] RECAPT} c6 {[%emt 0:00:12] CPLX 2.2 23 (a5-a4) (=11)} 13. Qc2 {[%emt 0:00:16] BESTDEEP} Bd6 {[%emt 0:00:29] CPLX 2.3} 14. Rad1 {[%emt 0:00:13] CPLX 2.2 10 (Rf1-e1) (=3)} c5 {[%emt 0:00:39] Prevents d4. DEEPSTRONG} 15. Rfe1 {[%emt 0:00:15] CPLX 2.1 14 (Qc2-e2) (=5)} Rb8 {[%emt 0:00:56] CPLX 2.1 10 (Ra8-a7) (=9)} 16. Bd2 {[%emt 0:01:31] CPLX 2.1 1 (Qc2-e2) (=4)} b6 {[%emt 0:00:04] CPLX 2.1} 17. Bc3 {[%emt 0:00:01][%cal Rc3e5] CPLX 2.1 2 (Nf3-g5) (=4)} Re8 {[%emt 0:00:11] BESTDEEP} 18. Re3 {[%emt 0:00:46] BESTDEEP} Bb7 {[%emt 0:01:36] CPLX 2.2 3 (f7-f6) (=7)} 19. Rde1 {[%emt 0:00:02][%cal Rf3e5] CPLX 2.6 8 (Nf3-h4) (=4)} f6 {[%emt 0:01:16] CPLX 2.7 7 (Qd8-c7) (=7)} 20. Nh4 {[%emt 0:00:23][%cal Of2f4] BESTDEEP} Bxg2 {[%emt 0:00:07] CPLX 2.6} 21. Kxg2 {[%emt 0:00:00] RECAPT} Qc7 {[%emt 0:00:33] CPLX 2.2 0 (Qd8-c8) (=6)} 22. Qe2 {[%emt 0:00:12][%cal Of2f4] CPLX 3.3 6 (f2-f4) (=4)} Rf8 {[%emt 0:01:46] CPLX 3.3 15 (a5-a4) (=7)} 23. Qg4 {[%emt 0:00:15] CPLX 2.7 24 (Nh4-f5) (=5)} Rf7 {[%emt 0:00:02] CPLX 4.2 41 (Rb8-e8) (=8)} 24. Nf5 {[%emt 0:01:13] CPLX 3.8} Kh8 {[%emt 0:00:02] CPLX 4.2 14 (Qc7-c6) (=9)} 25. f4 {[%emt 0:01:33] CPLX 3.9 6 (h2-h4) (=5)} Bf8 {[%emt 0:01:16] CPLX 4.1 8 (Qc7-c6) (=9)} 26. fxe5 {[%emt 0:00:44] CPLX 3.4} (26. Kg1 {is interesting.} Re8 27. R3e2 Qc6 28. Rf2) 26... Nxe5 {[%emt 0:00:02] RECAPT} 27. Bxe5 {[%emt 0:00:13] RECAPT} fxe5 {[%emt 0:00:00] RECAPT} 28. Rxe5 {[%emt 0:00:03] RECAPT 15 (Re3-f3) (=5)} Rd8 {[%emt 0:00:06] MISS-g7-g6 1 (g7-g6) (=8)} 29. R1e3 {[%emt 0:03:01] CPLX 4.0 59 (Qg4-e4) (=7)} (29. Qe4 $14) 29... Rxd3 $11 {[%emt 0:00:26] Hoping for ...Qd7. BESTDEEP} 30. Qe4 {[%emt 0:01:59] CPLX 4.4 25 (Qg4-e2) (=8)} Rd2+ {[%emt 0:01:07] EASY} 31. Re2 {[%emt 0:00:00] CPLX 3.6} Qd7 {[%emt 0:00:02] And now ...Rxe2+ would win. BESTDEEP} 32. Nh4 {[%emt 0:00:54] CPLX 3.4 14 (Re2xd2) (=8)} Rd4 {[%emt 0:01:05] DEEPSTRONG} 33. Qa8 {[%emt 0:01:48][%mdl 8192] [#] RELBLUND 400 (Qe4-b1) (=22)} ({Better is} 33. Qb1 $15) 33... Rxh4 $1 {[%emt 0:00:06][%mdl 512] Weighted Error Value: White=0.31/Black=0.08 (flawless)} 0-1